 Dungeon Crawl Stone Soup version 0.30-a0-793-g160f7cfddd (webtiles) character file.

Game seed: 2456186954568360297

24997 cheesebisquit the Frost Mage (level 13, 0/98 HPs)
             Began as a Merfolk Ice Elementalist on Feb 19, 2023.
             Was an Elder of Vehumet.
             Slain by Jorgrun
             ... wielding a +0 heavy quarterstaff
              (5 damage)
             ... while petrified by Jorgrun
             ... on level 13 of the Dungeon on Feb 20, 2023.
             The game lasted 01:49:48 (19662 turns).

cheesebisquit the Frost Mage (MfIE)                Turns: 19662, Time: 01:49:48

Health: 0/98       AC: 22    Str:  9    XL:     13   Next: 16%
Magic:  23/35      EV:  2    Int: 19    God:    Vehumet [****..]
Gold:   855        SH:  0    Dex: 14    Spells: 16/31 levels left

rFire   + . .      SeeInvis +    g - +7 halberd
rCold   . . .      Faith    .    (shield currently unavailable)
rNeg    + + +      Spirit   .    w - +3 leather armour {rF+}
rPois   ∞          Reflect  .    (no helmet)
rElec   .          Harm     .    E - +2 cloak
rCorr   .          Rampage  .    d - +2 pair of gloves
Will    .....                    u - +2 pair of boots
Stlth   ++                       N - amulet of regeneration
HPRegen 1.16/turn                m - ring of see invisible
MPRegen 0.24/turn                f - ring of magical power

@: ice-armoured, petrified, freezing walls
A: (nimble swimmer 2), mertail
a: Renounce Religion


You were on level 13 of the Dungeon.
You worshipped Vehumet.
Vehumet was greatly pleased with you.
You visited 2 branches of the dungeon, and saw 16 of its levels.

You collected 855 gold pieces.

Inventory:

Hand Weapons
 c - a +0 glaive
 g - a +7 halberd (weapon)
 r - the +0 spear "Pootaz" {freeze, Will++}
   (You found it on level 7 of the Dungeon)

   Will:      It greatly increases your willpower.
 t - a +0 trident
Missiles
 i - 37 poisoned darts
 k - 5 throwing nets
 y - 2 boomerangs of dispersal
 H - 7 curare-tipped darts
Armour
 d - a +2 pair of gloves (worn)
 s - a +2 leather armour of cold resistance
 u - a +2 pair of boots (worn)
 w - a +3 leather armour of fire resistance (worn)
 E - a +2 cloak (worn)
Jewellery
 a - a +6 ring of dexterity
 e - a ring of protection from fire
 f - a ring of magical power (right hand)
 m - a ring of see invisible (left hand)
 B - an amulet of reflection
 G - an amulet of the acrobat
 N - an amulet of regeneration (around neck)
Wands
 q - a wand of roots (21)
 x - a wand of flame (6)
 C - a wand of charming (3)
Scrolls
 j - 2 scrolls of immolation
 l - a scroll of poison
 p - a scroll of torment
 z - 4 scrolls of teleportation
 D - a scroll of fog {unknown}
 F - a scroll of silence {unknown}
 I - a scroll of brand weapon {unknown}
 K - a scroll of magic mapping
Potions
 b - a potion of magic
 h - 2 potions of attraction
 n - a potion of ambrosia {unknown}
 o - 2 potions of mutation
 v - 5 potions of might
 A - 2 potions of flight
 J - a potion of cancellation
 L - a potion of brilliance
 O - a potion of curing


   Skills:
 + Level 8.0 Fighting
 * Level 13.1 Polearms
 + Level 10.2 Dodging
 - Level 2.1 Stealth
 + Level 9.8 Spellcasting
 + Level 14.6 Ice Magic


You had 16 spell levels left.
You knew the following spells:

 Your Spells              Type           Power      Damage    Failure   Level
a - Freeze                Ice            100%       1d10      1%          1
b - Ice Form              Ice/Tmut       37%        N/A       5%          4
c - Summon Ice Beast      Ice/Summ       37%        N/A       5%          4
x - Ozocubu's Armour      Ice            60%        N/A       1%          3
z - Frozen Ramparts       Ice            100%       1d16      1%          3

Your spell library contained the following spells:

 Spells                   Type           Power      Damage    Failure   Level
 Dazzling Flash           Conj/Hex       18%        N/A       9%          3
 Poisonous Vapours        Pois/Air       18%        N/A       4%          2
 Mephitic Cloud           Conj/Pois/Air  9%         N/A       9%          3
 Stone Arrow              Conj/Erth      18%        3d8       9%          3
 Cigotuvi's Dreadful Rot  Necr/Pois/Air  18%        N/A       16%         2
 Portal Projectile        Hex/Tloc       18%        N/A       32%         3
 Tukima's Dance           Hex            9%         N/A       32%         3
 Animate Armour           Summ/Erth      18%        N/A       71%         4
 Cause Fear               Hex            4%         N/A       71%         4
 Blade Hands              Tmut           4%         N/A       96%         5
 Dragon Form              Tmut           4%         N/A       100%        7
 Lehudib's Crystal Spear  Conj/Erth      4%         10d3      100%        8
 Dragon's Call            Summ           4%         N/A       100%        9


Dungeon Overview and Level Annotations

Branches:
Dungeon (15/15)            Temple (1/1) D:7            Lair (0/5) D:10
    Orc (0/2) D:9          Vaults (0/5) D:13         Depths (0/4) D:15

Altars:
Ashenzari
Cheibriados
Dithmenos
Elyvilon
Fedhas
Gozag
Hepliaklqana
Kikubaaqudgha
Makhleb
Nemelex Xobeh
Okawaru
Qazlal
Ru
Sif Muna
Trog
Uskayaw
Vehumet
Wu Jian
Xom
Yredelemnul
Zin
The Shining One

Shops:
D:4 (   D:5 *

Annotations:
D:3 Edmund
D:10 2 transporters, Zonian's ghost, journeyman VSBr
D:13 Jorgrun


Innate Abilities, Weirdness & Mutations

((You are very nimble when in or above water. (Stealth+, EV+, Speed+++)))
Your lower body shifts to a powerful aquatic tail in water.


Message History

The tengu warrior claws you but does no damage.
Jorgrun casts a spell next to you.
The wall shatters!
The blast of rock fragments hits you!
* * * LOW HITPOINT WARNING * * *
The wall freezes the tengu warrior!
The tengu warrior hits you with a +2 antimagic war axe!
* * * LOW HITPOINT WARNING * * *
You feel your power leaking away.
The tengu warrior pecks you but does no damage.
The tengu warrior claws you but does no damage.
You hear a shout!
Jorgrun hits you with a +0 heavy quarterstaff.
* * * LOW HITPOINT WARNING * * *
The wall freezes the tengu warrior but does no damage.
The tengu warrior hits you but does no damage.
The tengu warrior pecks you.
The tengu warrior claws you but does no damage.
The wall freezes the tengu warrior!
The tengu warrior hits you but does no damage.
The tengu warrior pecks you but does no damage.
The tengu warrior claws you but does no damage.
The wall freezes the tengu warrior.
The tengu warrior hits you but does no damage.
The tengu warrior pecks you but does no damage.
The tengu warrior claws you but does no damage.
Jorgrun casts a spell at you. The iron shot hits you.
* * * LOW HITPOINT WARNING * * *
The wall freezes the tengu warrior.
The tengu warrior hits you with a +0 war axe.
The tengu warrior pecks you but does no damage.
The tengu warrior claws you but does no damage.
The wall freezes the tengu warrior.
The tengu warrior hits you with a +2 antimagic war axe.
* * * LOW HITPOINT WARNING * * *
You feel your power leaking away.
The tengu warrior pecks you but does no damage.
The tengu warrior claws you but does no damage.
Jorgrun hits you with a +0 heavy quarterstaff!
You die...

.......................
######..#############..
##.######## #.. #####
#......... #.. ...
#......... #.. ##'##
#......... #.. #...#
#......... #.. #...#
##Q........ ### #...#
#@Q........ #.).#
#†g........ #...#
#.......... ##'##
##./...... #.#
.~.~.~... #.#
#~.~.~.~.~ #### #.#
#$~.≈.~.~. ..<# #.#
#≈.~.~.~.~ ...# #.#
#.≈.~.~.~.


You could see Jorgrun and 2 tengu warriors.

Vanquished Creatures
  Kirke (D:13)
  Harold (D:9)
  A catoblepas (D:12)
  3 centaur warriors
  4 two-headed ogres
  Amaemon (D:9)
  A skeletal warrior (D:9)
  A wizard (D:9)
  A deep elf pyromancer (D:12)
  A steelbarb worm (shapeshifter) (D:13)
  2 ugly things
  A cyclops (D:11)
  An elephant (D:10)
  Maurice (D:12)
  An orange demon (D:10)
  2 gargoyles (D:12)
  2 unseen horrors
  3 komodo dragons
  A rime drake (shapeshifter) (D:13)
  A kobold demonologist (D:9)
  2 hornets (D:9)
  A troll (D:11)
  2 slime creatures
  8 yaks
  8 wraiths
  2 wyverns (D:9)
  A hog (D:13)
  A basilisk (shapeshifter) (D:9)
  A water elemental (D:13)
  Eustachio (D:4)
  2 basilisks
  A human (shapeshifter) (D:13)
  A steam dragon (D:9)
  9 vampire mosquitoes
  2 acid dragons
  Duvessa (D:6)
  3 ice beasts
  9 orc warriors
  A sky beast (D:6)
  A black bear (D:10)
  An ogre (D:8)
  11 centaurs
  A phantom (D:5)
  3 kobold brigands
  3 bullfrogs
  2 scorpions
  4 wights
  2 necrophages
  Dowan (D:6)
  9 killer bees
  3 howler monkeys
  5 hounds
  9 orc priests
  Crazy Yiuf (D:6)
  Terence (D:2)
  5 iguanas
  14 orc wizards
  Ijyb (D:3)
  Natasha (thrice) (D:3)
  2 hound skeletons (D:3)
  A hound zombie (D:3)
  Robin (D:3)
  6 gnolls
  8 adders
  A shadow imp (D:6)
  An ufetubus (D:6)
  4 adder skeletons (D:3)
  A worm (D:2)
  77 orcs
  5 endoplasms
  5 giant cockroaches
  23 goblins
  8 hobgoblins
  2 jackals (D:1)
  2 quokkas (D:1)
  7 ball pythons
  A ball python skeleton (D:3)
  7 bats
  3 frilled lizards
  A jackal skeleton (D:3)
  22 kobolds
  6 rats
360 creatures vanquished.

Vanquished Creatures (collateral kills)
  A troll (D:10)
  A hornet (D:9)
  An ice beast (D:8)
  A centaur (D:7)
  A wight (D:9)
  2 orcs
7 creatures vanquished.

Vanquished Creatures (others)
  A shadow (D:9)
  5 humans (D:13)
  2 centaurs (D:13)
  3 withered plants (D:3)
11 creatures vanquished.

Grand Total: 378 creatures vanquished

Notes
Turn   | Place    | Note
-------+----------+-------------------------------------------
     0 | D:1      | cheesebisquit the Merfolk Ice Elementalist began the quest
                  | for the Orb.
     0 | D:1      | Reached XP level 1. HP: 13/13 MP: 3/3
   329 | D:1      | Reached XP level 2. HP: 19/19 MP: 3/5
   586 | D:1      | Reached skill level 5 in Ice Magic
   826 | D:1      | Reached XP level 3. HP: 24/24 MP: 4/6
  1627 | D:2      | Reached XP level 4. HP: 27/30 MP: 3/8
  1858 | D:2      | Learned a level 3 spell: Frozen Ramparts
  1862 | D:2      | Learned a level 3 spell: Ozocubu's Armour
  1899 | D:2      | Noticed Terence
  1945 | D:2      | Killed Terence
  2128 | D:2      | Reached skill level 6 in Ice Magic
  2299 | D:2      | Reached XP level 5. HP: 35/35 MP: 7/9
  2509 | D:3      | Found a shimmering blue altar of Sif Muna.
  2686 | D:3      | Noticed Ijyb
  2705 | D:3      | Killed Ijyb
  3137 | D:3      | Noticed Natasha
  3159 | D:3      | Killed Natasha
  3160 | D:3      | Reached XP level 6. HP: 40/41 MP: 3/11
  3180 | D:3      | Noticed Robin
  3416 | D:3      | Noticed Natasha
  3449 | D:3      | Killed Natasha
  3450 | D:3      | Reached skill level 7 in Ice Magic
  3504 | D:3      | Noticed Natasha
  3517 | D:3      | Killed Natasha
  4048 | D:3      | Killed Robin
  4049 | D:3      | Reached XP level 7. HP: 45/46 MP: 4/13
  4316 | D:3      | Found a shimmering blue altar of Sif Muna.
  4594 | D:4      | Reached skill level 8 in Ice Magic
  4823 | D:4      | Identified the +0 ring mail of Somewhere Else {Slay+6}
  4867 | D:4      | Noticed Eustachio
  4975 | D:4      | Found Ovoll's Weapon Shop.
  5037 | D:4      | Noticed Edmund
  5728 | D:4      | Learned a level 4 spell: Summon Ice Beast
  5771 | D:4      | Found Ovoll's Weapon Shop.
  5891 | D:4      | Killed Eustachio
  6200 | D:5      | Entered Level 5 of the Dungeon
  6215 | D:5      | Reached skill level 9 in Ice Magic
  6215 | D:5      | Reached XP level 8. HP: 52/52 MP: 6/15
  6223 | D:5      | Reached skill level 5 in Spellcasting
  6331 | D:5      | Found Conlaosch's General Store.
  6593 | D:5      | Found a shadowy altar of Dithmenos.
  6629 | D:5      | Reached skill level 10 in Ice Magic
  7348 | D:6      | Found an opulent altar of Gozag.
  7348 | D:6      | Found a hazy altar of Hepliaklqana.
  7436 | D:6      | Noticed Duvessa
  7444 | D:6      | Killed Duvessa
  7444 | D:6      | Noticed Dowan
  7451 | D:6      | Killed Dowan
  7530 | D:6      | Reached XP level 9. HP: 48/57 MP: 5/18
  7612 | D:6      | Reached skill level 11 in Ice Magic
  7722 | D:6      | Found a sparkling altar of Nemelex Xobeh.
  7725 | D:6      | Found a hide-covered altar of Uskayaw.
  8051 | D:6      | Identified the +3 scale mail of Hyxih {Drain Fly Str+2}
  8761 | D:6      | Found a runed translucent door.
  8762 | D:6      | Noticed Crazy Yiuf
  8816 | D:6      | Killed Crazy Yiuf
  8925 | D:7      | Found a staircase to the Ecumenical Temple.
  8945 | D:7      | Reached skill level 12 in Ice Magic
  8968 | Temple   | Entered the Ecumenical Temple
  8968 | Temple   | Found a transporter.
  8968 | Temple   | Found a transporter.
  8989 | Temple   | Found a transporter.
  8989 | Temple   | Found a transporter.
  9017 | Temple   | Became a worshipper of Vehumet
  9656 | D:7      | Reached skill level 1 in Polearms
  9807 | D:7      | Reached skill level 1 in Fighting
  9871 | D:7      | Found an iron altar of Okawaru.
  9891 | D:7      | Identified the +0 spear "Pootaz" {freeze, Will++}
 10287 | D:8      | Noticed a two-headed ogre
 10301 | D:8      | Killed a two-headed ogre
 10302 | D:8      | Reached XP level 10. HP: 30/68 MP: 14/21
 11681 | D:9      | Reached * piety under Vehumet
 11681 | D:9      | Offered knowledge of Foxfire by Vehumet.
 11755 | D:9      | Found a staircase to the Orcish Mines.
 11786 | D:9      | Found a snail-covered altar of Cheibriados.
 11826 | D:9      | Noticed a kobold demonologist
 11836 | D:9      | Killed a kobold demonologist
 11837 | D:9      | Reached skill level 5 in Dodging
 11837 | D:9      | Reached skill level 13 in Ice Magic
 11924 | D:9      | Reached skill level 5 in Polearms
 12050 | D:9      | Noticed a centaur warrior
 12059 | D:9      | Noticed a skeletal warrior
 12065 | D:9      | a jumping spider changed into a swamp dragon
 12065 | D:9      | Noticed a swamp dragon (shapeshifter)
 12066 | D:9      | Noticed a centaur warrior
 12068 | D:9      | Found a burning altar of Makhleb.
 12203 | D:9      | Killed a centaur warrior
 12562 | D:9      | Offered knowledge of Searing Ray by Vehumet.
 12563 | D:9      | Reached ** piety under Vehumet
 12572 | D:9      | Killed a centaur warrior
 12573 | D:9      | Reached XP level 11. HP: 75/78 MP: 23/23
 12774 | D:9      | Killed a skeletal warrior
 13294 | D:9      | Found a burning altar of Makhleb.
 13316 | D:9      | Found a snail-covered altar of Cheibriados.
 13334 | D:9      | Found a staircase to the Orcish Mines.
 13822 | D:10     | Entered Level 10 of the Dungeon
 13822 | D:10     | Noticed Amaemon
 13858 | D:10     | Noticed Harold
 13974 | D:10     | Noticed a wizard
 13985 | D:9      | Reached skill level 5 in Fighting
 14114 | D:9      | Killed a wizard
 14119 | D:9      | Killed Harold
 14212 | D:9      | Paralysed by a hornet for 1 turns
 14787 | D:9      | Killed Amaemon
 15117 | D:10     | Offered knowledge of Inner Flame by Vehumet.
 15247 | D:10     | Found a transporter.
 15255 | D:10     | Found a transporter.
 15279 | D:10     | Found a staircase to the Lair.
 15331 | D:10     | Noticed Zonian's ghost (journeyman VSBr)
 15338 | D:10     | Noticed a two-headed ogre
 15445 | D:10     | Noticed a purple ugly thing
 15452 | D:10     | Noticed a two-headed ogre
 15530 | D:10     | Found a broken altar of Ashenzari.
 15545 | D:10     | Found a white marble altar of Elyvilon.
 15928 | D:11     | Reached skill level 10 in Polearms
 16069 | D:11     | Reached XP level 12. HP: 88/88 MP: 24/24
 16149 | D:11     | Found an ornate altar of the Wu Jian Council.
 16190 | D:11     | Reached *** piety under Vehumet
 16249 | D:11     | Identified the +1 cloak "Poet" {rElec Regen+ Dex-4 Slay+5}
 16997 | D:12     | Reached skill level 14 in Ice Magic
 17147 | D:12     | Noticed a two-headed ogre
 17155 | D:12     | Killed a two-headed ogre
 17157 | D:12     | Offered knowledge of Dazzling Flash by Vehumet.
 17284 | D:12     | Noticed Maurice
 17301 | D:12     | Killed Maurice
 17978 | D:12     | Noticed a two-headed ogre
 18095 | D:12     | Killed a two-headed ogre
 18610 | D:12     | Identified the +9 war axe "Hydraslayer" {freeze, rElec
                  | SInv}
 18671 | D:13     | You fall into a shaft and drop 2 floors!
 18671 | D:15     | Entered Level 15 of the Dungeon
 18745 | D:13     | Noticed a centaur warrior
 18745 | D:13     | Noticed a centaur warrior
 18759 | D:13     | Noticed a tengu warrior
 18884 | D:13     | Noticed a two-headed ogre
 18884 | D:13     | Noticed a catoblepas
 18960 | D:13     | Killed a centaur warrior
 19037 | D:12     | Killed a catoblepas
 19117 | D:13     | Killed a two-headed ogre
 19165 | D:13     | Reached **** piety under Vehumet
 19261 | D:13     | Noticed Kirke
 19265 | D:13     | Noticed a sphinx
 19268 | D:13     | Reached XP level 13. HP: 90/98 MP: 26/26
 19275 | D:13     | Killed Kirke
 19276 | D:13     | Reached skill level 10 in Dodging
 19455 | D:13     | Noticed a spark wasp
 19458 | D:13     | a spark wasp changed into an ice dragon
 19458 | D:13     | Noticed an ice dragon (glowing shapeshifter)
 19460 | D:13     | an ice dragon changed into an alligator
 19487 | D:13     | Found a gate to the Vaults.
 19548 | D:13     | Learned a level 4 spell: Ice Form
 19620 | D:13     | Noticed Jorgrun
 19662 | D:13     | Slain by Jorgrun

Illustrated notes

Levels and vault maps discovered:
D:1:      scummos_arrival_simple_crosswalls, layout_basic,
          nicolae_concentric_dashed_squares_mild
D:2:      layout_basic, grunt_ministairs_10, uniq_terence
D:3:      layout_loops_ring, general_overflow_altar, serial_undead,
          serial_undead_f, serial_undead_a, serial_undead_e, serial_undead_c,
          amcnicky_mini_corridor_feature, cheibrodos_gnoll_hut, uniq_robin,
          uniq_natasha, uniq_ijyb
D:4:      layout_gridville, serial_shops, nicolae_shop_bloodbath_and_beyond,
          uniq_eustachio, uniq_edmund
D:5:      layout_basic, nicolae_dithmenos_through_a_glass_darkly, serial_shops,
          shop_statue
D:6:      layout_loops_corners, grunt_temple_overflow_cloverleaf,
          uniq_crazy_yiuf_cottage, uniq_duvessa
D:7:      layout_basic, okawaru_ov_weapons_minmay, minmay_temple_entry_tees,
          enter_bailey_7
D:8:      layout_rooms, grunt_ogre_cave
D:9:      nzn_winding_woodlands_small [nzn_winding_woodlands_5x15_cabin,
          nzn_winding_woodlands_center_triple_pond,
          nzn_winding_woodlands_5x15_sawtooth], layout_gridville,
          cheibriados_altar_1, bloody_makhleb, hiddenorc2_lemuel
D:10:     layout_cave_pools, ashenzari_altar_1, nicolae_elyvilon_peaceful_grove,
          david_lair_generic, nzn_ghost_randoct, uniq_harold, uniq_amaemon
D:11:     layout_stronghold, gauntlet_entry_generic,
          nicolae_wu_jian_wuxing_cycle
D:12:     layout_stronghold, minmay_diced_spiral, uniq_maurice
D:13:     layout_basic, david_vaults_2, uniq_jorgrun, uniq_kirke
D:14:     layout_gridville, minmay_door_square, minmay_misc_feat_rows
D:15:     gammafunk_depths_entry_grave, layout_loops_ring, nicolae_wwwww,
          wad_hexagon
Temple:   hellmonk_temple_divided_pantheon

Skill      XL: |  1  2  3  4  5  6  7  8  9 10 11 12 13 |
---------------+----------------------------------------+-----
Ice Magic      | 5 6 7 9 10 12 13 14 | 14.6
Spellcasting   | 3 4 6 7 8 9 |  9.8
Polearms       | 2 7 10 12 13 | 13.1
Dodging        | 3 6 8 9 10 | 10.2
Fighting       | 2 4 6 7 8 |  8.0
Stealth        | |  2.1

Action                     |  1- 3 |  4- 6 |  7- 9 | 10-12 | 13-15 || total
---------------------------+-------+-------+-------+-------+-------++-------
  Melee: Unarmed           |    15 |       |       |    13 |     4 ||    32
         Whip              |     5 |       |       |       |       ||     5
         Punch             |     1 |     2 |     1 |     3 |       ||     7
         Dagger            |     1 |    75 |   161 |       |       ||   237
         Spear             |       |       |     9 |   128 |       ||   137
         Glaive            |       |       |       |   110 |       ||   110
         Halberd           |       |       |       |   163 |    37 ||   200
  Throw: Dart              |       |       |     1 |     1 |       ||     2
   Cast: Freeze            |    54 |    30 |     8 |    16 |    10 ||   118
         Frozen Ramparts   |       |    18 |    65 |    89 |     6 ||   178
         Ozocubu's Armour  |       |    13 |    45 |    78 |     4 ||   140
         Summon Ice Beast  |       |       |     2 |    17 |     2 ||    21
         Ice Form          |       |       |       |       |     1 ||     1
  Evoke: Wand              |       |       |       |     5 |       ||     5
    Use: Scroll            |       |       |     8 |    20 |     1 ||    29
         Potion            |       |       |     3 |    12 |       ||    15
   Stab: Sleeping          |       |     2 |     1 |       |       ||     3
         Distracted        |       |       |       |     1 |       ||     1
 Armour: Robe              |    16 |    10 |       |       |       ||    26
         Leather armour    |       |    31 |    85 |   243 |    40 ||   399
         Skin              |       |       |       |    25 |     1 ||    26
  Dodge: Dodged            |    30 |    66 |   111 |   405 |    34 ||   646

Table legend: (Time is in decaauts)
 A = Elapsed time spent in this place.
 B = Non-inter-level travel time spent in this place.
 C = Inter-level travel time spent in this place.
 D = Time resting spent in this place.
 E = Time spent auto-exploring this place.
 F = Levels seen in this place.
 G = Mean time per level.
                   A        B        C        D        E       F      G
               +--------+--------+--------+--------+--------+-----+--------+
         Total |  19684 |  18679 |   1005 |   2540 |  12927 |  16 | 1230.2 |
       Dungeon |  19616 |  18642 |    974 |   2540 |  12901 |  15 | 1307.7 |
        Temple |     67 |     36 |     31 |      0 |     26 |   1 |   67.0 |
               +--------+--------+--------+--------+--------+-----+--------+

Top non-repeatable levels by time:
     D:9: 3743 daAuts
     D:3: 2059 daAuts
    D:12: 2058 daAuts
     D:6: 1801 daAuts
     D:4: 1581 daAuts
     D:1: 1326 daAuts
    D:11: 1279 daAuts
     D:2: 1228 daAuts
     D:7: 1217 daAuts
     D:5: 986 daAuts
     D:8: 926 daAuts
    D:10: 778 daAuts
    D:13: 585 daAuts
  Temple: 67 daAuts
    D:15: 22 daAuts
